 Dungeon Sprint DCSS version 0.26-a0-1107-g6118521029 (webtiles) character file.

Game seed: 12037109043119089129

8579 mhtbhm the Protected (level 11, -3/76 HPs)
             Began as a Tengu Fighter on Dec 16, 2020.
             Was a High Priest of Okawaru.
             Slain by a catoblepas (13 damage)
             ... while petrified by you
             ... in the Dungeon (Sprint IX: "|||||||||||||||||||||||||||||").
             The game lasted 00:05:50 (2150 turns).

mhtbhm the Protected (Tengu Fighter)                Turns: 2150, Time: 00:05:51

Health: -3/76      AC: 16    Str: 22    XL:     11   Next: 33%
Magic:  13/13      EV:  2    Int:  9    God:    Okawaru [*****.]
Gold:   0          SH:  0    Dex: 14    Spells: 10/10 levels left

rFire    . . .     SeeInvis .   a - +0 trident
rCold    . . .     Faith    .   c - +0 kite shield {rN+}
rNeg     + + +     Spirit   .   b - +1 chain mail
rPois    ∞         Reflect  .   (helmet restricted)
rElec    .         Harm     .   (no cloak)
rCorr    .         Rampage  .   (no gloves)
Will     .....     NoTele   +   (boots unavailable)
Stlth    ..........             (no amulet)
HPRegen  0.22/turn              n - +2 ring of protection
MPRegen  0.13/turn              o - +3 ring of strength

@: petrified, flying quickly and evasively, quick
A: beak, talons 3, able to fly
a: Stop Flying, Heroism, Finesse, Renounce Religion


You were in the Dungeon.
You worshipped Okawaru.
Okawaru was extremely pleased with you.
You visited 1 branch

Inventory:

Hand Weapons
 a - a +0 trident (weapon)
Armour
 b - a +1 chain mail (worn)
 c - a +0 kite shield of positive energy (worn)
Jewellery
 n - a +2 ring of protection (left hand)
 o - a +3 ring of strength (right hand)
Scrolls
 g - 2 scrolls of enchant armour
 j - a scroll of blinking
 k - 3 scrolls of remove curse
 l - 2 scrolls of amnesia
 p - 4 scrolls of enchant weapon
 q - 2 scrolls of fear
Potions
 e - 4 potions of curing
 f - 2 potions of brilliance
 h - 4 potions of magic
 i - 4 potions of heal wounds
 r - a potion of mutation


   Skills:
 + Level 12.3 Fighting
 + Level 13.6 Polearms
 + Level 14.9 Armour
 + Level 4.8 Dodging
 - Level 2.8 Stealth
 + Level 14.0 Shields
 + Level 2.0 Invocations
 + Level 4.6 Evocations


You had 10 spell levels left.
You didn't know any spells.
Your spell library was empty.

Dungeon Overview and Level Annotations

Branches:
Dungeon (1/1)

Altars:
Cheibriados
Dithmenos
Elyvilon
Fedhas
Gozag
Hepliaklqana
Kikubaaqudgha
Makhleb
Nemelex Xobeh
Okawaru
Qazlal
Ru
Sif Muna
Trog
Uskayaw
Vehumet
Wu Jian
Xom
Yredelemnul
Zin
The Shining One
Beogh
Jiyva
Lugonu


Innate Abilities, Weirdness & Mutations

You have a beak for a mouth.
You have claws for feet.
You can fly continuously.


Message History

* * * LOW HITPOINT WARNING * * *
You turn to flesh and can move again.
The catoblepas breathes a plume of calcifying dust at you.
The blast of calcifying dust hits you.
* * * LOW HITPOINT WARNING * * *
Unknown command.
You are engulfed in calcifying dust.
Unknown command.
You are engulfed in calcifying dust.
You are slowing down.
You are engulfed in calcifying dust.
Your limbs have turned to stone.
You have turned to stone.
You are engulfed in calcifying dust. x2
The catoblepas gores you but does no damage.
You are engulfed in calcifying dust.
The catoblepas gores you but does no damage.
The catoblepas gores you!
* * * LOW HITPOINT WARNING * * *
The catoblepas gores you!!
You die...

▓Y▓.▓_▓
▓.▓.▓_▓
▓Y▓.▓_▓
▓Y▓.▓_▓
▓.▓.▓_▓
▓Y▓.▓_▓
▓Y▓.▓_▓
▓Y▓.▓_▓
▓@▓.▓_▓
▓.▓.▓_▓
▓.▓.▓_▓
▓.▓.▓_▓
▓.▓.▓_▓
▓.▓.▓'▓
▓.▓.▓.▓
▓|▓.▓.▓
▓(▓.▓.▓


You could see 3 death yaks, a catoblepas and a yak.

Vanquished Creatures
  4 hydras (D)
  A centaur warrior (D)
  2 death yaks (D)
  A tengu warrior (D)
  A black mamba (D)
  2 cane toads (D)
  A komodo dragon (D)
  A rime drake (D)
  A troll (D)
  2 blink frogs (D)
  A vampire (D)
  5 yaks (D)
  A vampire mosquito (D)
  A water moccasin (D)
  4 centaurs (D)
  2 bullfrogs (D)
  A howler monkey (D)
  3 worker ants (D)
  An adder (D)
  A white imp (D)
  A jackal (D)
  A kobold (D)
  A quokka (D)
  2 bats (D)
  A rat (D)
42 creatures vanquished.

Vanquished Creatures (others)
  A bullfrog (D)
1 creature vanquished.

Grand Total: 43 creatures vanquished

Notes
Turn   | Place    | Note
-------+----------+-------------------------------------------
     0 | D        | mhtbhm the Tengu Fighter began the quest for the Orb.
     0 | D        | Reached XP level 1. HP: 14/14 MP: 2/2
    17 | D        | Noticed a worker ant
    17 | D        | Noticed a worker ant
    17 | D        | Noticed a centaur
    17 | D        | Noticed a centaur
    17 | D        | Noticed a worker ant
    20 | D        | Killed a worker ant
    21 | D        | Reached XP level 2. HP: 20/20 MP: 3/3
    21 | D        | Reached XP level 3. HP: 24/24 MP: 4/4
    27 | D        | Killed a centaur
    28 | D        | Reached skill level 5 in Fighting
    28 | D        | Reached skill level 5 in Shields
    28 | D        | Reached XP level 4. HP: 25/31 MP: 5/5
    31 | D        | Killed a centaur
    32 | D        | Gained mutation: You can fly continuously. [Tengu growth]
    32 | D        | Reached XP level 5. HP: 15/37 MP: 6/6
    41 | D        | Reached XP level 6. HP: 16/42 MP: 7/7
    45 | D        | Found a roughly hewn altar of Beogh.
    45 | D        | Found a snail-covered altar of Cheibriados.
    45 | D        | Found a shadowy altar of Dithmenos.
    45 | D        | Found a white marble altar of Elyvilon.
    45 | D        | Found a blossoming altar of Fedhas.
    45 | D        | Found an opulent altar of Gozag.
    46 | D        | Found a hazy altar of Hepliaklqana.
    47 | D        | Found a viscous altar of Jiyva.
    48 | D        | Found an ancient bone altar of Kikubaaqudgha.
    49 | D        | Found a corrupted altar of Lugonu.
    50 | D        | Found a burning altar of Makhleb.
    51 | D        | Found a sparkling altar of Nemelex Xobeh.
    52 | D        | Found an iron altar of Okawaru.
    53 | D        | Found a stormy altar of Qazlal.
    54 | D        | Found a sacrificial altar of Ru.
    55 | D        | Found a shimmering blue altar of Sif Muna.
    56 | D        | Found a bloodstained altar of Trog.
    57 | D        | Found a hide-covered altar of Uskayaw.
    58 | D        | Found a radiant altar of Vehumet.
    59 | D        | Found an ornate altar of the Wu Jian Council.
    60 | D        | Became a worshipper of Warmaster Okawaru
    61 | D        | Found a shimmering altar of Xom.
    62 | D        | Found a basalt altar of Yredelemnul.
    63 | D        | Found a glowing silver altar of Zin.
    64 | D        | Found a glowing golden altar of the Shining One.
   280 | D        | Noticed a vampire
   284 | D        | Reached skill level 5 in Polearms
   284 | D        | Reached skill level 1 in Dodging
   284 | D        | Killed a vampire
   284 | D        | Reached * piety under Okawaru
   285 | D        | Reached skill level 10 in Armour
   285 | D        | Reached XP level 7. HP: 47/49 MP: 8/8
   298 | D        | Noticed a troll
   298 | D        | Noticed a vampire mosquito
   298 | D        | Noticed a tengu warrior
   298 | D        | Noticed a centaur warrior
   314 | D        | Killed a centaur warrior
   314 | D        | Reached ** piety under Okawaru
   315 | D        | Reached skill level 10 in Shields
   315 | D        | Reached skill level 1 in Evocations
   315 | D        | Reached XP level 8. HP: 37/56 MP: 9/9
   324 | D        | Killed a tengu warrior
   324 | D        | Reached *** piety under Okawaru
   325 | D        | Reached skill level 1 in Stealth
   329 | D        | Reached XP level 9. HP: 27/62 MP: 10/10
   345 | D        | HP: 3/62 [troll (6)]
   413 | D        | Killed a troll
   414 | D        | Reached skill level 10 in Fighting
   886 | D        | Noticed a cane toad
   886 | D        | Noticed a six-headed hydra
   889 | D        | Noticed a black mamba
   895 | D        | Noticed a four-headed hydra
   895 | D        | Killed a six-headed hydra
   896 | D        | Reached skill level 10 in Polearms
   922 | D        | Killed a cane toad
   922 | D        | Reached **** piety under Okawaru
   923 | D        | HP: 1/63 [bullfrog (3)]
   935 | D        | HP: 3/63 [blink frog (9)]
  1421 | D        | Killed a four-headed hydra
  1422 | D        | Reached skill level 1 in Invocations
  1422 | D        | Reached XP level 10. HP: 60/69 MP: 11/11
  1519 | D        | Killed a black mamba
  1713 | D        | Noticed a six-headed hydra
  1713 | D        | Noticed a cane toad
  1713 | D        | Noticed a seven-headed hydra
  1724 | D        | Killed a seven-headed hydra
  1724 | D        | Reached ***** piety under Okawaru
  1728 | D        | Killed a cane toad
  1731 | D        | Killed a six-headed hydra
  1731 | D        | Received a gift from Okawaru
  1732 | D        | Reached XP level 11. HP: 48/76 MP: 11/13
  1762 | D        | Noticed a death yak
  1762 | D        | Noticed a death yak
  1762 | D        | Noticed a catoblepas
  1762 | D        | Noticed a death yak
  1762 | D        | Noticed a death yak
  1766 | D        | Noticed a death yak
  1771 | D        | Killed a death yak
  2127 | D        | Killed a death yak
  2150 | D        | Slain by a catoblepas

Illustrated notes

Levels and vault maps discovered:
D:        linesprint [early_d, line_temple, items_1, d_10, items_2, lair_1,
          lair_end, items_3, orc_1, orc_end, items_4, d_15, swamp_1, shoals_1,
          snake_1, spider_1, d_20, vaults_1, items_5, swamp_end, shoals_end,
          snake_end, spider_end, vaults_end, d_27, items_6, zot_1, zot_end,
          crypt_end, forest_end, elf_end, slime_end, tomb_end, abyss_end,
          pan_hell_end]

Skill      XL: |  1  2  3  4  5  6  7  8  9 10 11 |
---------------+----------------------------------+-----
Fighting       | 4 5 6 8 9 11 12 | 12.3
Armour         | 4 6 7 8 10 11 12 13 14 | 14.9
Shields        | 4 5 6 7 8 10 12 13 14 | 14.0
Polearms       | 3 4 5 7 8 11 12 13 | 13.6
Dodging        | 1 2 3 4 |  4.8
Evocations     | 1 3 4 |  4.6
Stealth        | 2 |  2.8
Invocations    | 1 2 |  2.0

Action                   |  1- 3 |  4- 6 |  7- 9 | 10-12 || total
-------------------------+-------+-------+-------+-------++-------
Melee: Trident           |    15 |    12 |    65 |    90 ||   182
       Kick              |     6 |     2 |    30 |    38 ||    76
       Peck              |     1 |     2 |    12 |    23 ||    38
Invok: Heroism           |       |       |     1 |     2 ||     3
 Abil: Fly               |       |       |     1 |       ||     1
Evoke: Wand              |       |     2 |     8 |       ||    10
  Use: Potion            |     1 |     1 |     7 |     1 ||    10
       Scroll            |       |       |     1 |       ||     1
 Stab: Invisible         |       |       |     3 |       ||     3
       Petrified         |       |       |       |     7 ||     7
Armor: Scale mail        |     5 |     2 |       |       ||     7
       Chain mail        |       |     1 |    35 |    17 ||    53
Dodge: Dodged            |     1 |     2 |    26 |    18 ||    47
Block: Kite shield       |     6 |     7 |    56 |    33 ||   102

Table legend: (Time is in decaauts)
 A = Elapsed time spent in this place.
 B = Non-inter-level travel time spent in this place.
 C = Inter-level travel time spent in this place.
 D = Time resting spent in this place.
 E = Time spent auto-exploring this place.
 F = Levels seen in this place.
 G = Mean time per level.
                   A        B        C        D        E       F      G
               +--------+--------+--------+--------+--------+-----+--------+
         Total |   2064 |   2064 |      0 |    982 |    490 |   1 | 2064.0 |
       Dungeon |   2064 |   2064 |      0 |    982 |    490 |   1 | 2064.0 |
               +--------+--------+--------+--------+--------+-----+--------+

Top non-repeatable levels by time:
       D: 2064 daAuts
